 Dungeon Crawl Stone Soup version 0.19-a0-1740-g0bcaf2e (webtiles) character file.

143163 kae the Fencer (level 17, -4/131 HPs)
             Began as a Formicid Fighter on Sept 30, 2016.
             Was the Champion of Makhleb.
             Slain by a deep elf blademaster
             ... wielding a +1 rapier of freezing
              (8 damage)
             ... on level 2 of the Elven Halls on Oct 1, 2016.
             The game lasted 00:49:58 (25416 turns).

kae the Fencer (Formicid Fighter)                  Turns: 25416, Time: 00:49:59

Health: -4/131     AC: 24    Str: 32    XL:     17   Next: 99%
Magic:  25/25      EV: 20    Int:  9    God:    Makhleb [******]
Gold:   2543       SH: 13    Dex: 19    Spells: 0 memorised, 16 levels left

rFire  + + +     SeeInvis +     B - +4 double sword (elec)
rCold  . . .     Gourm    .     F - +6 chain mail "Fucvyqua" {*Drain rElec Dex+7}
rNeg   . . .     Faith    .     c - +1 shield
rPois  .         Spirit   .     (helmet unavailable)
rElec  +         Dismiss  .     P - +0 cloak of Distant Worlds {rF+}
rCorr  .         Reflect  .     X - +0 pair of gloves "Qam Maipn" {rElec rF++} (curse)
MR     +....     Harm     .     y - +0 pair of boots
Stlth  ..........               H - amulet of regeneration
                                i - +6 ring of evasion
                                v - +5 ring of strength

@: lethally poisoned (-4 -> -6), very heavily drained, invisible
A: permanent stasis, dig shafts and tunnels, four strong arms, antennae 3,
yellow scales 1, agile 1
a: Dig, Shaft Self, Minor Destruction, Lesser Servant of Makhleb, Major
Destruction, Greater Servant of Makhleb, Renounce Religion


You were on level 2 of the Elven Halls.
You worshipped Makhleb.
Makhleb was exalted by your worship.
You were very hungry.

You visited 5 branches of the dungeon, and saw 26 of its levels.
You visited the Abyss 1 time.
You also visited: Bailey and Ice Cave.

You collected 3510 gold pieces.
You spent 967 gold pieces at shops.

Inventory:

Hand Weapons
 a - a +0 long sword of freezing
 B - a +4 double sword of electrocution (weapon)
Armour
 c - a +1 shield (worn)
 y - a +0 pair of boots (worn)
 F - the +6 chain mail "Fucvyqua" (worn) {*Drain rElec Dex+7}
   (You bought it in a shop on level 9 of the Dungeon)

   It affects your dexterity (+7).
   It insulates you from electricity.
   It causes draining when unequipped.
 M - the +0 scale mail "Hivur" {rC- MR+ Int+3}
   (You bought it in a shop on level 2 of the Orcish Mines)

   It affects your intelligence (+3).
   It makes you vulnerable to cold.
   It affects your resistance to hostile enchantments.
 P - the +0 cloak of Distant Worlds (worn) {rF+}
   (You found it on level 3 of the Lair of Beasts)

   It protects you from fire.
 X - the cursed +0 pair of gloves "Qam Maipn" (worn) {rElec rF++}
   (You bought it in a shop on level 1 of the Elven Halls)

   It greatly protects you from fire.
   It insulates you from electricity.
   It has a curse placed upon it.
Jewellery
 i - a +6 ring of evasion (right hand)
 v - a +5 ring of strength (left hand)
 C - a +4 amulet of reflection
 H - an amulet of regeneration (around neck)
 S - an uncursed ring of protection from fire
Wands
 b - a wand of paralysis (10/24)
 d - a wand of disintegration (10/24)
 w - a wand of digging (13/24)
 I - a wand of confusion (25/48)
 K - a wand of iceblast (0/15)
 T - a wand of acid (2/15)
Scrolls
 e - 5 scrolls of identify
 m - 3 scrolls of fog
 s - 4 scrolls of enchant armour
 u - 2 scrolls of enchant weapon
 x - a scroll of noise
 D - 2 scrolls of fear
 E - a scroll of magic mapping
 G - 4 scrolls of remove curse
 N - 2 scrolls of recharging
 R - a scroll of amnesia
Potions
 j - 6 potions of curing
 n - 5 potions of lignification
 q - 2 potions of agility
 r - 2 potions of resistance
 t - 3 potions of flight
 z - a potion of mutation
 J - 4 potions of might
 L - 2 potions of invisibility
 Q - 2 potions of cancellation
Books
 O - Omuhet's Reference Book on Dusty Confrontation
   (You found it on level 2 of the Elven Halls)

   Spells                             Type                      Level
   a - Searing Ray                    Conjuration                  2
   b - Throw Icicle                   Conjuration/Ice              4
   c - Bolt of Magma                  Conjuration/Fire/Earth       5
Comestibles
 f - 12 bread rations
 g - 8 meat rations
 h - 9 beef jerkies
 k - 21 fruits
 l - 12 slices of pizza
 o - 6 royal jellies


   Skills:
 + Level 11.0(7.2) Fighting
 + Level 18.0(13.5) Long Blades
 + Level 14.9(10.7) Armour
 + Level 12.4(8.4) Dodging
 - Level 10.3(6.5) Shields
 - Level 11.0(7.1) Invocations


You had 16 spell levels left.
You didn't know any spells.

Dungeon Overview and Level Annotations

Branches:
Dungeon (15/15)            Temple (1/1) D:4            Lair (6/6) D:9
 Shoals (0/4) Lair:2       Spider (0/4) Lair:3        Slime (0/5) Lair:5
    Orc (2/2) D:12            Elf (2/3) Orc:2        Vaults (0/5) D:13
 Depths (0/5) D:15

Altars:
Ashenzari
Cheibriados
Dithmenos
Elyvilon
Fedhas
Gozag
Hepliaklqana
Kikubaaqudgha
Makhleb
Nemelex Xobeh
Okawaru
Qazlal
Ru
Sif Muna
Trog
Uskayaw
Vehumet
Xom
Yredelemnul
Zin
The Shining One
Jiyva

Shops:
D:5 =   D:9 *   Orc:2 (*(%[   Elf:1 [   Elf:2 }%

Portals:
Trove: D:11 (give horn of Geryon)


Innate Abilities, Weirdness & Mutations

You are under a permanent stasis effect.
You can dig through walls and to a lower floor.
Your four strong arms can wield two-handed weapons with a shield.
You have a pair of large antennae on your head. (SInv)
You are partially covered in yellow scales. (AC +2)
You are agile. (Dex +2)


Message History

You block the deep elf blademaster's attack.
The deep elf blademaster hits you but does no damage.
You are more poisoned.
Unknown command.
* * * LOW HITPOINT WARNING * * *
You feel sick.
Unknown command.
You feel sick.
The jumping spider leaps!
The deep elf blademaster hits you but does no damage.
The deep elf blademaster closely misses you.
Unknown command.
You don't have enough health at the moment.
Unknown command.
Okay, then.
Okay, then.
Okay, then.
You fade into invisibility!
You feel sick. You block the redback's attack.
The deep elf blademaster hits you with a rapier of freezing!
You die...

##........## ##.......
#......)..# #.....)..
##.......)## ##.......
##..........###........
#...........)........).
#......................
#.....s................
##...s.................
##..e@................
##...#.............#..
##..(###...........###.
#..e## ##.........## ##
##((.###......
##(..#.......
##...........
##.e...........
#..............


You could see a deep elf blademaster, a deep elf mage, a jumping spider, a
redback and a bardiche of draining.

Vanquished Creatures
  2 deep elf sorcerers (Elf:2)
  An orc warlord (Orc:2)
  A stone giant (Orc:2)
  A deep elf annihilator (Elf:2)
  A deep elf demonologist (Elf:2)
  A white draconian (IceCv)
  A deep elf death mage (Elf:2)
  A deep elf high priest (Elf:2)
  Fannar (Lair:3)
  A fire dragon (D:12)
  Harold (Lair:4)
  4 centaur warriors
  2 hydras
  18 dancing weapons
  3 tengu warriors
  8 death yaks
  4 ogre magi
  The ghost of Charly the Cleaver, a novice DsCK of Xom (IceCv)
  2 orc high priests (Orc:1)
  The ghost of 4thArraOfDagon the Carver, a novice MiMo of Okawaru (D:11)
  Sonja (Lair:2)
  4 deep elf knights (Elf:2)
  Nergalle (Lair:2)
  A fire crab (shapeshifter) (Elf:1)
  10 skeletal warriors
  An unseen horror (D:15)
  10 hill giants
  2 deep trolls (Orc:2)
  2 wizards (D:15)
  4 orc knights
  7 deep elf archers
  The ghost of zkyp the Slasher, a novice DgGl (D:7)
  33 deep elf magi
  3 orc sorcerers
  7 slime creatures (D:15)
  2 manticores
  6 cyclopes
  14 ugly things
  A centaur zombie (D:15)
  A naga mage (D:15)
  3 black mambas
  An ice statue (IceCv)
  A gargoyle (D:12)
  5 spiny frogs
  A rime drake (Lair:5)
  5 komodo dragons
  A tengu conjurer (D:14)
  4 yaktaurs (D:15)
  A freezing wraith (D:15)
  23 polar bears
  A guardian mummy (D:11)
  15 two-headed ogres
  2 jumping spiders (Lair:3)
  17 trolls
  14 hippogriffs
  8 blink frogs (Lair:4)
  A snapping turtle (Lair:2)
  2 air elementals
  4 wyverns
  A redback (Lair:3)
  15 spriggans (Lair:6)
  2 wraiths
  A shadow (D:13)
  A vampire (D:11)
  37 yaks
  2 fire elementals
  2 water elementals (D:14)
  3 basilisks
  4 hogs (D:7)
  17 humans
  4 hungry ghosts
  2 vampire mosquitoes (D:12)
  5 wargs
  A steam dragon (D:9)
  A soldier ant (D:12)
  8 water moccasins
  10 porcupines
  38 orc warriors
  An ice beast (D:10)
  3 sky beasts
  3 phantoms
  3 black bears
  An eye of draining (D:14)
  2 necrophages
  6 wasps
  30 wolves
  2 boggarts (Lair:6)
  28 ogres
  2 centaurs
  14 crocodiles
  18 bullfrogs
  2 earth elementals
  A big kobold (D:7)
  3 gnoll sergeants
  A wyvern skeleton (D:10)
  4 scorpions
  3 killer bees (D:5)
  5 wights (D:10)
  2 electric eels (Lair:2)
  2 crimson imps
  A bullfrog zombie (D:5)
  A quasit (D:10)
  5 jellies
  23 orc priests
  6 hounds
  3 bullfrog skeletons
  A centaur skeleton (D:9)
  9 worker ants
  6 iguanas
  26 orc wizards
  A killer bee zombie (D:6)
  A hound zombie (D:8)
  A howler monkey zombie (D:10)
  2 worker ant zombies
  20 gnolls
  8 adders
  35 river rats
  2 shadow imps
  An adder zombie (D:8)
  3 worms
  A dart slug (D:2)
  5 leopard geckos
  92 orcs
  6 bats
  7 hobgoblins
  17 jackals
  10 kobolds
  3 quokkas
  A ball python (D:2)
  5 frilled lizards
  7 goblins
  A quokka zombie (D:5)
  12 rats
887 creatures vanquished.

Vanquished Creatures (collateral kills)
  The ghost of CypherZel the Cleaver, a journeyman DDFi of Makhleb (Lair:5)
  4 hydras
  A death yak (Lair:3)
  2 orc knights (Bailey)
  A slime creature (D:15)
  2 orc warriors
  A river rat (Lair:5)
12 creatures vanquished.

Vanquished Creatures (others)
  A deep elf mage (Elf:2)
  A wizard (D:15)
  3 yaks (IceCv)
  A wolf (IceCv)
  An adder (D:12)
  6 fungi
  9 plants
22 creatures vanquished.

Grand Total: 921 creatures vanquished

Notes
Turn   | Place    | Note
-------+----------+-------------------------------------------
     0 | D:1      | kae the Formicid Fighter began the quest for the Orb.
     0 | D:1      | Reached XP level 1. HP: 18/18 MP: 1/1
   136 | D:1      | Reached XP level 2. HP: 16/24 MP: 2/2
   379 | D:1      | Reached XP level 3. HP: 16/29 MP: 3/3
   380 | D:1      | Reached skill level 3 in Long Blades
  1020 | D:2      | Reached XP level 4. HP: 27/37 MP: 4/4
  1501 | D:2      | Reached skill level 4 in Long Blades
  1728 | D:2      | Found an ancient bone altar of Kikubaaqudgha.
  1804 | D:3      | Found a snail-covered altar of Cheibriados.
  1829 | D:3      | Reached XP level 5. HP: 42/42 MP: 5/5
  2717 | D:4      | Reached XP level 6. HP: 47/49 MP: 6/6
  2880 | D:4      | Found a staircase to the Ecumenical Temple.
  3081 | Temple   | Entered the Ecumenical Temple
  3244 | Temple   | Became a worshipper of Makhleb the Destroyer
  3405 | D:4      | Found a white marble altar of Elyvilon.
  3414 | D:4      | Reached skill level 5 in Long Blades
  3497 | D:4      | Noticed a phantom
  3531 | D:4      | Killed a phantom
  3531 | D:4      | Reached skill level 5 in Fighting
  3752 | D:5      | Entered Level 5 of the Dungeon
  3776 | D:5      | Reached XP level 7. HP: 56/56 MP: 7/7
  3800 | D:5      | Reached skill level 6 in Long Blades
  4076 | D:5      | Found Kyus's Jewellery Emporium.
  4096 | D:5      | Bought a cursed amulet of inaccuracy for 28 gold pieces
  4096 | D:5      | Bought a cursed -2 ring of strength for 28 gold pieces
  4165 | D:5      | Reached skill level 7 in Long Blades
  4165 | D:5      | Reached XP level 8. HP: 46/64 MP: 8/8
  4374 | D:5      | You fall through a shaft for 3 floors!
  4675 | D:8      | Reached * piety under Makhleb
  4837 | D:6      | Reached skill level 8 in Long Blades
  5287 | D:6      | Found a hazy altar of Hepliaklqana.
  5372 | D:6      | Found an iron altar of Okawaru.
  6123 | D:6      | Reached XP level 9. HP: 69/72 MP: 9/9
  6196 | D:7      | Reached skill level 9 in Long Blades
  6395 | D:7      | Reached ** piety under Makhleb
  6475 | D:7      | Noticed zkyp's ghost (novice DgGl)
  6489 | D:7      | Killed zkyp's ghost
  6543 | D:7      | Reached skill level 10 in Long Blades
  6909 | D:7      | Reached XP level 10. HP: 57/83 MP: 10/10
  7150 | D:8      | Reached skill level 11 in Long Blades
  7868 | D:9      | Found a shattered altar of Ashenzari.
  8007 | D:9      | Reached skill level 12 in Long Blades
  8087 | D:9      | Found Anat's Assorted Antiques.
  8102 | D:9      | Bought a citrine-encrusted chain mail for 247 gold pieces
  8102 | D:9      | Bought a scroll of identify for 52 gold pieces
  8102 | D:9      | Bought a viscous black potion for 23 gold pieces
  8117 | D:9      | Identified the +6 chain mail "Fucvyqua" {*Drain rElec Dex+7} (You bought it in a shop on level 9 of the Dungeon)
  8162 | D:9      | Noticed a death knight
  8585 | D:9      | Noticed a komodo dragon
  8592 | D:9      | Killed a komodo dragon
  8600 | D:9      | Reached skill level 13 in Long Blades
  8614 | D:9      | Reached XP level 11. HP: 86/89 MP: 11/11
  8626 | D:9      | Found a staircase to the Lair.
  8718 | Lair:1   | Entered Level 1 of the Lair of Beasts
  8874 | Lair:1   | Noticed a five-headed hydra
  8904 | Lair:1   | Killed a ten-headed hydra
  9009 | Lair:1   | Reached *** piety under Makhleb
  9015 | Lair:1   | Reached skill level 14 in Long Blades
  9221 | Lair:1   | Identified a scroll of acquirement
  9746 | Lair:2   | Reached skill level 5 in Invocations
 10163 | Lair:2   | Noticed a cyclops
 10175 | Lair:2   | Killed a cyclops
 10254 | Lair:2   | Found a staircase to the Shoals.
 10393 | Lair:2   | Reached XP level 12. HP: 88/96 MP: 15/17
 10432 | Lair:2   | Noticed Nergalle
 10436 | Lair:2   | Reached **** piety under Makhleb
 10906 | Lair:2   | Noticed Sonja
 11011 | Lair:2   | Cast into level 2 of the Abyss (Sonja)
 11174 | Lair:2   | Escaped the Abyss
 11177 | Lair:2   | Killed Sonja
 11301 | Lair:2   | Killed Nergalle
 11301 | Lair:2   | Reached skill level 15 in Long Blades
 11410 | Lair:3   | Noticed a seven-headed hydra
 11422 | Lair:3   | Killed a seven-headed hydra
 11567 | Lair:3   | Found a hole to the Spider Nest.
 11628 | Lair:3   | Noticed Fannar
 11642 | Lair:3   | Killed Fannar
 11804 | Lair:3   | Noticed a death yak
 11805 | Lair:3   | Noticed a death yak
 11806 | Lair:3   | Noticed a death yak
 11806 | Lair:3   | Noticed a death yak
 11818 | Lair:3   | Noticed a death yak
 11820 | Lair:3   | Noticed a death yak
 11823 | Lair:3   | Killed a death yak
 11835 | Lair:3   | Killed a death yak
 11841 | Lair:3   | Killed a death yak
 11848 | Lair:3   | Killed a death yak
 11850 | Lair:3   | Killed a death yak
 11854 | Lair:3   | Killed a death yak
 11854 | Lair:3   | Reached skill level 16 in Long Blades
 12045 | Lair:4   | Noticed a seven-headed hydra
 12120 | Lair:3   | Killed a seven-headed hydra
 12244 | Lair:4   | Reached XP level 13. HP: 101/101 MP: 20/20
 12355 | Lair:4   | Noticed Harold
 12367 | Lair:4   | Killed Harold
 12549 | Lair:4   | Reached skill level 10 in Invocations
 12673 | Lair:4   | You fall through a shaft!
 12697 | Lair:5   | Noticed a four-headed hydra
 12704 | Lair:5   | Killed a four-headed hydra
 12752 | Lair:5   | Noticed CypherZel's ghost (journeyman DDFi)
 12779 | Lair:5   | Killed CypherZel's ghost
 12779 | Lair:5   | Reached skill level 17 in Long Blades
 12799 | Lair:5   | Found a viscous altar of Jiyva.
 12800 | Lair:5   | Found a staircase to the Slime Pits.
 12888 | Lair:5   | Found a frozen archway.
 13039 | IceCv    | Entered an ice cave
 13246 | IceCv    | Noticed Charly's ghost (novice DsCK)
 13263 | IceCv    | Killed Charly's ghost
 13293 | IceCv    | Reached skill level 1 in Dodging
 13542 | IceCv    | Reached ***** piety under Makhleb
 13844 | IceCv    | Noticed a white draconian
 13870 | IceCv    | Killed a white draconian
 13870 | IceCv    | Reached skill level 5 in Armour
 13870 | IceCv    | Reached skill level 5 in Shields
 13876 | IceCv    | Reached XP level 14. HP: 108/108 MP: 22/22
 14654 | Lair:6   | Entered Level 6 of the Lair of Beasts
 15149 | Lair:6   | Reached skill level 5 in Dodging
 15172 | Lair:6   | Identified the Almanac of Glacial Displacement
 15778 | Lair:6   | Reached ****** piety under Makhleb
 16147 | D:10     | Entered Level 10 of the Dungeon
 17123 | D:11     | Found a portal to a secret trove of treasure.
 17186 | D:11     | Noticed 4thArraOfDagon's ghost (novice MiMo)
 17198 | D:11     | Killed 4thArraOfDagon's ghost
 17770 | D:12     | Found a staircase to the Orcish Mines.
 17954 | D:12     | Reached XP level 15. HP: 94/114 MP: 23/23
 18392 | D:12     | Got a transparent scale mail
 18393 | D:12     | Identified the +6 scale mail of the Arcane {+Blink Int+4 SInv Stlth-} (You found it on level 12 of the Dungeon)
 18587 | Lair:3   | Got a bloodstained cloak
 18598 | Lair:3   | Identified the +0 cloak of Distant Worlds {rF+} (You found it on level 3 of the Lair of Beasts)
 18749 | D:9      | Upgraded the game from 0.19-a0-1732-g0b18a7b to 0.19-a0-1740-g0bcaf2e
 18846 | D:13     | Found a gate to the Vaults.
 18925 | D:13     | Reached skill level 10 in Shields
 19072 | D:13     | Reached skill level 10 in Armour
 19618 | Orc:1    | Entered Level 1 of the Orcish Mines
 19752 | Orc:2    | Entered Level 2 of the Orcish Mines
 19789 | Orc:2    | Found Istro's Antique Armour Emporium.
 19877 | Orc:2    | Found Ibypsou's Weapon Shop.
 19877 | Orc:2    | Found Cukaqext's Food Boutique.
 20014 | Orc:2    | Noticed a stone giant
 20019 | Orc:2    | Found Qiacs's General Store.
 20028 | Orc:2    | Killed a stone giant
 20058 | Orc:2    | Found Nunn's Antique Weapon Boutique.
 20218 | Orc:2    | Found a staircase to the Elven Halls.
 20572 | Orc:2    | Bought a warped scale mail for 162 gold pieces
 20572 | Orc:2    | Identified the +0 scale mail "Hivur" {rC- MR+ Int+3} (You bought it in a shop on level 2 of the Orcish Mines)
 20580 | Orc:2    | Gained mutation: You are agile. (Dex +2) [potion of beneficial mutation]
 20592 | Orc:1    | Noticed an orc warlord
 20690 | Orc:2    | Killed an orc warlord
 20698 | Orc:2    | Reached XP level 16. HP: 119/120 MP: 24/24
 21901 | D:14     | Reached skill level 10 in Dodging
 22101 | D:14     | Found a flagged portal.
 22118 | Bailey   | Entered a bailey
 22272 | D:15     | Entered Level 15 of the Dungeon
 22277 | D:15     | Found a bloodstained altar of Trog.
 23085 | D:15     | Found a staircase to the Depths.
 23106 | D:15     | Reached XP level 17. HP: 126/126 MP: 25/25
 23560 | Elf:1    | Entered Level 1 of the Elven Halls
 23754 | Elf:1    | Found Nufowk's Antique Armour Emporium.
 23767 | Elf:1    | Bought a pair of slimy gloves for 427 gold pieces
 23777 | Elf:1    | Identified the cursed +0 pair of gloves "Qam Maipn" {rElec rF++} (You bought it in a shop on level 1 of the Elven Halls)
 23785 | Elf:1    | Gained mutation: You are partially covered in yellow scales. (AC +2) [potion of beneficial mutation]
 24396 | Elf:2    | Reached skill level 10 in Fighting
 24429 | Elf:2    | Found Jenizaz's Food Emporium.
 24616 | Elf:2    | Identified Omuhet's Reference Book on Dusty Confrontation
 24697 | Elf:2    | Found a runed gate.
 24699 | Elf:2    | Found a runed gate.
 24700 | Elf:2    | Found a runed gate.
 24771 | Elf:2    | Found Voukko's Gadget Boutique.
 25322 | Elf:2    | Reached skill level 18 in Long Blades
 25393 | Elf:2    | Noticed a deep elf blademaster
 25412 | Elf:2    | HP: 6/131 [poisoned by a deep elf blademaster]
 25416 | Elf:2    | Slain by a deep elf blademaster

Vault maps used:
D:1:      minmay_arrival_nine_rooms, serial_bayou_lagoon_b
D:2:      lemuel_coloured_pillars_altar
D:3:      old_standard_altar
D:4:      elyvilon_altar_1, first_bread
D:5:      serial_shops, shop_statue, kennysheep_cluttered_room
D:6:      nicolae_overflow_crystal_walls, lemuel_doored_altar
D:7:      grunt_livestock
D:9:      erik_lair_dragon, serial_shops, nicolae_shop_crystal,
          evilmike_ruin_ashenzari
D:11:     nicolae_trove_entry_path_of_doom
D:12:     orc_0_dummy, st_stairs_10
D:13:     david_vaults_3, st_stairs_4
D:14:     grunt_decor_arrowhead, enter_bailey_2, fountainhead
D:15:     grunt_enter_depths_magical_seal, trog_wizard
Temple:   regret_index_temple_sphere_string
Lair:1:   minivault_23, minivault_24, cheibrodos_lair_caveside_slide
Lair:2:   minmay_shoals_entry_hut, infiniplex_staircase_pool,
          lemuel_fruit_fields, uniq_nergalle, uniq_sonja
Lair:3:   spider_nest_entry_a, uniq_fannar
Lair:4:   lemuel_old_faithful, uniq_harold
Lair:5:   slime_altar_1, portal_ice_cave_entry_pillars_2
Lair:6:   minmay_lair_end_enchanted_forest, grunt_megastairs_3
Orc:1:    guppyfry_orc_lava_fort
Orc:2:    st_orc_open, serial_shops, nicolae_shop_overgrown_old_shop
Elf:1:    eino_elf_arrival_sip, serial_shops, shop, hangedman_corner_corridor
Elf:2:    serial_shops, shop, nicolae_shop_trees
Abyss:2:  bh_abyss_exit_grid
Bailey:   bailey_polearm_4, bailey
IceCv:    ice_cave_caverns_02

Skill      XL: |  1  2  3  4  5  6  7  8  9 10 11 12 13 14 15 16 17 |
---------------+----------------------------------------------------+-----
Long Blades    | 3 4 5 7 8 10 13 14 16 17 18 | 18.0
Fighting       | 4 5 6 7 9 11 | 11.0
Invocations    | 6 9 11 | 11.0
Dodging        | 3 6 9 11 12 | 12.4
Shields        | 5 9 10 | 10.3
Armour         | 5 9 11 14 | 14.9

Action                   |  1- 3 |  4- 6 |  7- 9 | 10-12 | 13-15 | 16-18 || total
-------------------------+-------+-------+-------+-------+-------+-------++-------
Melee: Long sword        |   156 |   215 |   385 |   279 |       |       ||  1035
       Double sword      |       |       |       |   250 |  1280 |   962 ||  2492
Invok: Minor Destruction |       |       |       |     5 |       |     1 ||     6
       Lesser Servant of |       |       |       |     5 |     8 |     3 ||    16
 Abil: Dig               |     2 |     3 |     9 |    13 |    16 |    11 ||    54
       Shaft Self        |       |       |     1 |       |       |       ||     1
Evoke: Wand              |       |       |       |       |       |     7 ||     7
  Use: Potion            |     2 |       |     4 |     3 |     2 |     7 ||    18
       Scroll            |       |     3 |     4 |    14 |    15 |     3 ||    39
 Stab: Distracted        |       |       |       |       |     2 |       ||     2
  Eat: Chunk             |     1 |     8 |    10 |    16 |    30 |    15 ||    80
       Fruit             |       |     2 |     1 |       |     1 |       ||     4
       Bread ration      |       |       |       |     1 |       |       ||     1
       Royal jelly       |       |       |       |       |       |     1 ||     1
Armor: Scale mail        |    90 |    49 |    47 |    21 |       |       ||   207
       Chain mail        |       |       |       |   113 |   237 |   127 ||   477
Dodge: Dodged            |    54 |    68 |   152 |   159 |   486 |   346 ||  1265
Block: Shield            |    75 |    71 |   163 |   328 |   626 |   484 ||  1747
       Reflection        |       |       |       |     1 |       |       ||     1
